 Dungeon Crawl Stone Soup version 0.27-a0-96-gb51a1d6fd6 (webtiles) character file.

Game seed: 3714973259750737382

8 knot the Chopper (level 2, 19/24 HPs)
             Began as a Demonspawn Berserker on Jan 19, 2021.
             Was a Follower of Trog.
             Quit the game on level 1 of the Dungeon.
             The game lasted 00:00:16 (287 turns).

knot the Chopper (Demonspawn Berserker)              Turns: 287, Time: 00:00:17

Health: 19/24      AC:  2    Str: 17    XL:     2   Next: 0%
Magic:  2/2        EV: 12    Int:  8    God:    Trog [*.....]
Gold:   13         SH:  0    Dex: 12    Spells: 1/1 levels left

rFire    . . .     SeeInvis .   a - +0 hand axe
rCold    . . .     Faith    .   (no shield)
rNeg     . . .     Spirit   .   b - +0 animal skin
rPois    .         Reflect  .   (no helmet)
rElec    .         Harm     .   (no cloak)
rCorr    .         Rampage  .   (no gloves)
Will     .....                  (no boots)
Stlth    +.........             (no amulet)
HPRegen  0.08/turn              (no ring)
MPRegen  0.08/turn              (no ring)

@: no status effects
A: talons 1
a: Renounce Religion, Berserk


You were on level 1 of the Dungeon.
You worshipped Trog.
Trog was aware of your devotion.
You visited 1 branch of the dungeon, and saw 1 of its levels.

You collected 13 gold pieces.

Inventory:

Hand Weapons
 a - a +0 hand axe (weapon)
Missiles
 c - 15 stones
 e - 29 sling bullets
Armour
 b - a +0 animal skin (worn)
Scrolls
 d - a scroll of remove curse {unknown}
 f - a scroll of identify {unknown}


   Skills:
 - Level 3.0 Fighting
 + Level 3.2 Axes
 - Level 1.7 Armour
 - Level 1.7 Dodging


You had one spell level left.
You didn't know any spells.
Your spell library was empty.

Dungeon Overview and Level Annotations

Branches:
Dungeon (1/15)

Altars:


Innate Abilities, Weirdness & Mutations

You have sharp toenails.


Message History

The goblin shouts!
A rat comes into view.
A hobgoblin comes into view.
There are monsters nearby!
The hobgoblin shouts!
You closely miss the goblin. The goblin hits you with a +0 club.
You closely miss the goblin. The goblin closely misses you.
You miss the goblin. The goblin misses you.
You miss the goblin. You hit the hobgoblin. The hobgoblin hits you.
The goblin hits you but does no damage. The hobgoblin misses you.
You hit the hobgoblin.
You kill the hobgoblin!
Trog accepts your kill.
You hit the goblin.
You kill the goblin!
Trog accepts your kill.
You completely miss the rat. The rat completely misses you.
You have reached level 2!
Your demonic ancestry asserts itself...
Your toenails lengthen and sharpen.
Are you sure you want to abandon this character and quit the game? (Confirm with "yes".)

#. ...
####################.#
#.......?.#..........#.
#....)@........#.....^.
#....†r.......)#.......
#......................
.................#......
......##.......##.##....
...... #.......#...# ...
...... #.......#.†.# .
...... #.###...#.#.# #.
#.#.##.##.###


You could see a rat.

Vanquished Creatures
  A dart slug (D:1)
  A goblin (D:1)
  2 hobgoblins (D:1)
  A bat (D:1)
  A rat (D:1)
6 creatures vanquished.

Notes
Turn   | Place    | Note
-------+----------+-------------------------------------------
     0 | D:1      | knot the Demonspawn Berserker began the quest for the Orb.
     0 | D:1      | Reached XP level 1. HP: 18/18 MP: 1/1
   287 | D:1      | Gained mutation: You have sharp toenails. [demonic
                  | ancestry]
   287 | D:1      | Reached XP level 2. HP: 19/24 MP: 2/2
   287 | D:1      | Quit the game

Illustrated notes

Levels and vault maps discovered:
D:1:      noname_arrival_rooms_in_the_neighbourhood, layout_basic,
          serial_bayou_lagoon_a, minmay_distorted

Skill      XL: |  1 |
---------------+----+-----
Axes           | 3 |  3.2
Fighting       | |  3.0
Armour         | |  1.7
Dodging        | |  1.7

Action                   || total
-------------------------++-------
Melee: Hand axe          ||    15
 Stab: Sleeping          ||     1
Armor: Animal skin       ||     1
Dodge: Dodged            ||     9

Table legend: (Time is in decaauts)
 A = Elapsed time spent in this place.
 B = Non-inter-level travel time spent in this place.
 C = Inter-level travel time spent in this place.
 D = Time resting spent in this place.
 E = Time spent auto-exploring this place.
 F = Levels seen in this place.
 G = Mean time per level.
                   A        B        C        D        E       F      G
               +--------+--------+--------+--------+--------+-----+--------+
         Total |    289 |    289 |      0 |      0 |    255 |   1 |  289.0 |
       Dungeon |    289 |    289 |      0 |      0 |    255 |   1 |  289.0 |
               +--------+--------+--------+--------+--------+-----+--------+

Top non-repeatable levels by time:
     D:1: 289 daAuts
